 Dungeon Crawl Stone Soup version 0.23.2 (webtiles) character file.

Game seed: 6427558178343725117

288 Fang the Skirmisher (level 6, -2/39 HPs)
             Began as a Gargoyle Berserker on Apr 8, 2019.
             Was a Believer of Trog.
             Slain by Truegreen's ghost (5 damage)
             ... on level 3 of the Dungeon.
             The game lasted 00:03:57 (2516 turns).

Fang the Skirmisher (Gargoyle Berserker)            Turns: 2516, Time: 00:03:58

Health: -2/39      AC: 16    Str: 22 (23) XL:     6   Next: 31%
Magic:  6/6        EV:  7    Int:  9 (12) God:    Trog [**....]
Gold:   123        SH:  0    Dex:  8 (9)  Spells: 5/5 levels left

rFire    . . .     SeeInvis .   a - +0 hand axe
rCold    . . .     Gourm    .   (no shield)
rNeg     + . .     Faith    .   b - +0 plate armour
rPois    ∞         Spirit   .   (no helmet)
rElec    +         Reflect  .   (no cloak)
rCorr    .         Harm     .   (no gloves)
MR       ++...                  (no boots)
Stlth    ..........             (no amulet)
HPRegen  1.13/turn              d - +5 ring of intelligence
MPRegen  0.10/turn              (no ring)

@: berserk cooldown, regenerating
A: negative energy resistance 1, electricity resistance, unbreathing,
petrification resistance, rot immunity, AC +4
a: Berserk, Trog's Hand, Renounce Religion


You were on level 3 of the Dungeon.
You worshipped Trog.
Trog was pleased with you.
You were very hungry.

You visited 1 branch of the dungeon, and saw 3 of its levels.

You collected 123 gold pieces.

Inventory:

Hand Weapons
 a - a +0 hand axe (weapon)
Armour
 b - a +0 plate armour (worn)
Jewellery
 d - a +5 ring of intelligence (left hand)
 i - a cursed ring of teleportation {unknown}
Scrolls
 f - 2 scrolls of identify {unknown}
 h - a scroll of enchant armour {unknown}
Potions
 e - a potion of flight
 g - a potion of degeneration
Comestibles
 c - 6 rations


   Skills:
 + Level 4.7 Fighting
 + Level 3.9 Axes
 + Level 4.0 Armour
 + Level 2.9 Dodging


You had 5 spell levels left.
You didn't know any spells.
Your spell library was empty.

Dungeon Overview and Level Annotations

Branches:
Dungeon (3/15)

Altars:
Dithmenos
Kikubaaqudgha
Makhleb
Trog
Wu Jian

Annotations:
D:3 Truegreen's ghost, amateur GnWn; buriedalive's ghost, amateur TrMo


Innate Abilities, Weirdness & Mutations

You are resistant to torment.
Your stone body is resilient. (AC +4)
You are immune to poison.
You resist negative energy. (rN+)
You are resistant to electric shocks. (rElec)
You can survive without breathing.
You are immune to petrification.
You are immune to rotting.


Message History

Buriedalive's ghost hits you but does no damage.
You barely miss buriedalive's ghost.
Buriedalive's ghost is almost destroyed.
You barely miss Truegreen's ghost.
Truegreen's ghost hits you but does no damage.
Buriedalive's ghost hits you.
* * * LOW HITPOINT WARNING * * *
You hit buriedalive's ghost but do no damage.
Buriedalive's ghost is almost destroyed.
You closely miss Truegreen's ghost.
Truegreen's ghost completely misses you.
Buriedalive's ghost hits you but does no damage.
You hit buriedalive's ghost.
Buriedalive's ghost is almost destroyed.
You closely miss Truegreen's ghost.
You float gracefully downwards.
Truegreen's ghost hits you but does no damage.
Buriedalive's ghost hits you.
* * * LOW HITPOINT WARNING * * *
Truegreen's ghost hits you.
You die...

#.# ##8.....8###.# #.# #.#
#..$......##.#######.# #.#
#P.......P##.##....... #.#
#⌠.......⌠##.##.####.# #.#
#P.......P##.##.# #.# #.#
###'''### #.##.# #.# #.#
#.......# #.##.# #.# #.#
####W######.##.####.# #.#
#@W..............# #.#
##################
#.####################.....#
#...................##.###.#
###################...÷#
#.## ####.###... #.....##
#######


You could see Truegreen's ghost and buriedalive's ghost.

Vanquished Creatures
  An ogre (D:2)
  Jessica (D:2)
  Natasha (D:2)
  3 gnolls (D:2)
  5 adders (D:2)
  An ooze (D:2)
  A worm (D:2)
  3 dart slugs
  3 leopard geckos
  4 orcs (D:3)
  9 bats
  5 giant cockroaches
  5 goblins
  7 hobgoblins
  9 kobolds
  3 frilled lizards
  7 rats
68 creatures vanquished.

Notes
Turn   | Place    | Note
-------+----------+-------------------------------------------
     0 | D:1      | Fang the Gargoyle Berserker began the quest for the Orb.
     0 | D:1      | Reached XP level 1. HP: 14/14 MP: 1/1
   108 | D:1      | Reached XP level 2. HP: 18/19 MP: 2/2
   427 | D:2      | Noticed an ogre
   429 | D:2      | Reached XP level 3. HP: 23/23 MP: 3/3
   442 | D:2      | Killed an ogre
   442 | D:2      | Reached XP level 4. HP: 17/29 MP: 4/4
   695 | D:2      | Reached ** piety under Trog
   738 | D:2      | Noticed Jessica
   748 | D:2      | Killed Jessica
   748 | D:2      | Reached XP level 5. HP: 26/33 MP: 5/5
  1097 | D:2      | Found a burning altar of Makhleb.
  1203 | D:2      | Reached XP level 6. HP: 39/39 MP: 6/6
  1262 | D:2      | Noticed Natasha
  1274 | D:2      | Killed Natasha
  1750 | D:3      | Found an ancient bone altar of Kikubaaqudgha.
  1877 | D:3      | Found a shadowy altar of Dithmenos.
  2028 | D:3      | Reached *** piety under Trog
  2140 | D:3      | Found a runed translucent gate.
  2140 | D:3      | Found a runed translucent gate.
  2140 | D:3      | Noticed Truegreen's ghost (amateur GnWn)
  2141 | D:3      | Found a runed translucent gate.
  2141 | D:3      | Noticed buriedalive's ghost (amateur TrMo)
  2289 | D:3      | Found an ornate altar of the Wu Jian Council.
  2293 | D:3      | Found a bloodstained altar of Trog.
  2514 | D:3      | HP: 1/39 [buriedalive's ghost (6)]
  2516 | D:3      | Slain by Truegreen's ghost

Skill      XL: |  1  2  3  4  5  6 |
---------------+-------------------+-----
Axes           | 3 |  3.9
Dodging        | 2 |  2.9
Fighting       | 4 |  4.7
Armour         | 3 4 |  4.0

Action                   |  1- 3 |  4- 6 || total
-------------------------+-------+-------++-------
Melee: Hand axe          |    48 |   249 ||   297
Invok: Berserk           |     1 |     2 ||     3
       Trog's Hand       |       |     3 ||     3
  Use: Potion            |       |     3 ||     3
  Eat: Chunk             |       |     8 ||     8
Armor: Animal skin       |     8 |     8 ||    16
       Plate armour      |       |   193 ||   193
Dodge: Dodged            |    34 |   109 ||   143
